 Dungeon Crawl Stone Soup version 0.22-a0-271-gc000056 (webtiles) character file.

4620 RoseArtemis the Cleaver (level 10, 0/91 HPs)
             Began as a Minotaur Fighter on Mar 10, 2018.
             Was a Priest of Trog.
             Slain by Joseph
             ... wielding a +0 quarterstaff
              (10 damage)
             ... on level 8 of the Dungeon.
             The game lasted 00:13:04 (7775 turns).

RoseArtemis the Cleaver (Minotaur Fighter)          Turns: 7775, Time: 00:13:05

Health: 0/91       AC: 12    Str: 27    XL:     10   Next: 19%
Magic:  9/9        EV:  7    Int:  5    God:    Trog [***...]
Gold:   422        SH: 10    Dex: 12    Spells: 9/9 levels left

rFire    . . .     SeeInvis +   a - +2 war axe
rCold    . . .     Gourm    .   c - +0 shield
rNeg     . . .     Faith    .   x - +0 scale mail
rPois    .         Spirit   .   (helmet restricted)
rElec    .         Reflect  .   D - +1 cloak
rCorr    .         Harm     .   p - +0 pair of gloves
MR       .....                  (no boots)
Stlth    ..........             (no amulet)
HPRegen  0.25/turn              h - ring of see invisible
MPRegen  0.11/turn              (no ring)

@: mighty, berserk cooldown, starving, slowed, very slow
A: retaliatory headbutt, horns 2
a: Berserk, Trog's Hand, Renounce Religion


You were on level 8 of the Dungeon.
You worshipped Trog.
Trog was most pleased with you.
You were starving.

You visited 2 branches of the dungeon, and saw 9 of its levels.

You collected 422 gold pieces.

Inventory:

Hand Weapons
 a - a +2 war axe (weapon)
 b - a +2 shortbow of flaming
Missiles
 y - 91 arrows
Armour
 c - a +0 shield (worn)
 p - a +0 pair of gloves (worn)
 x - a +0 scale mail (worn)
 D - a +1 cloak (worn)
Jewellery
 h - a ring of see invisible (left hand)
 v - an uncursed ring of ice
 B - a cursed ring of loudness {unknown}
 G - an uncursed ring of protection from magic {unknown}
Wands
 g - a wand of polymorph (10)
Scrolls
 e - a scroll of enchant armour {unknown}
 n - a scroll of noise {unknown}
 o - 2 scrolls of enchant weapon {unknown}
 q - a scroll of amnesia {unknown}
 r - 4 scrolls of fear
 t - 2 scrolls of teleportation
 u - 5 scrolls of remove curse
 w - a scroll of blinking {unknown}
 z - 2 scrolls of fog {unknown}
 F - a scroll of torment {unknown}
 H - a scroll of random uselessness {unknown}
Potions
 d - 4 potions of might
 i - 6 potions of curing
 j - a potion of mutation {unknown}
 k - a potion of lignification {unknown}
 l - 3 potions of degeneration {unknown}
 m - 2 potions of flight {unknown}
 s - 3 potions of heal wounds {unknown}
 A - a potion of invisibility {unknown}
 C - a potion of magic {unknown}
Comestibles
 f - 9 rations


   Skills:
 + Level 9.5 Fighting
 * Level 12.2 Axes
 + Level 3.1 Bows
 + Level 9.5 Armour
 - Level 3.6 Shields


You had 9 spell levels left.
You didn't know any spells.

Dungeon Overview and Level Annotations

Branches:
Dungeon (8/15)             Temple (1/1) D:5
   Lair: D:8-11

Altars:
Ashenzari
Cheibriados
Dithmenos
Elyvilon
Fedhas
Gozag
Hepliaklqana
Kikubaaqudgha
Makhleb
Nemelex Xobeh
Okawaru
Qazlal
Ru
Sif Muna
Trog
Uskayaw
Vehumet
Wu Jian
Xom
Yredelemnul
Zin
The Shining One

Shops:
D:6 *

Annotations:
D:2 1 runed door
D:8 Joseph


Innate Abilities, Weirdness & Mutations

You reflexively headbutt those who attack you in melee.
You have a pair of horns on your head.


Message History

You furiously retaliate!
You headbutt Joseph. You slash Joseph!
Joseph is heavily wounded.
Joseph hits you with an uncursed quarterstaff.
* * * LOW HITPOINT WARNING * * *
You closely miss Joseph. Your headbutt misses Joseph.
Joseph is heavily wounded.
You block Joseph's attack. x2
Your shield prevents you from hitting Joseph.
You headbutt Joseph!
Joseph is severely wounded.
Joseph hits you with an uncursed quarterstaff.
* * * LOW HITPOINT WARNING * * *
You barely miss Joseph.
Joseph is severely wounded.
Joseph hits you but does no damage.
You hit Joseph.
Joseph is severely wounded.
Joseph hits you with an uncursed quarterstaff!
You die...

### ..# #.#
#.###############
#<..............#
##.###########.###....##.##
#....(...(@#...##.......†<#
#..#######@#.#.##.....#...#
#(#.#.....#.##...#
#.#.#............#
######.#.#.##..#.##....
............##..#.##.#.#
#######.....##.......#.#
####..###.#.####.# #..#
#...# #..# #..##


You could see Joseph.

Vanquished Creatures
  Gastronok (D:8)
  Prince Ribbit (D:8)
  The ghost of Tovarisch the Sneak, an amateur NaEn (D:4)
  3 orc warriors
  An ice beast (D:5)
  2 phantoms
  An ogre (D:6)
  2 sky beasts
  4 centaurs
  2 bullfrogs (D:6)
  A scorpion (D:5)
  A water moccasin skeleton (D:5)
  4 killer bees
  4 howler monkeys
  3 wights (D:6)
  2 crimson imps
  A jelly (D:5)
  3 orc priests (D:6)
  2 hounds
  5 orc wizards
  2 bullfrog skeletons
  A centaur skeleton (D:5)
  Jessica (D:2)
  3 iguanas
  7 worker ants
  A hound zombie (D:7)
  A hound skeleton (D:6)
  4 gnolls (D:6)
  4 adders
  An ooze (D:5)
  2 adder skeletons
  An adder zombie (D:6)
  A worm (D:2)
  2 dart slugs (D:1)
  9 leopard geckos
  19 orcs
  6 bats
  5 giant cockroaches
  9 goblins
  5 hobgoblins
  10 jackals
  4 kobolds
  7 quokkas
  3 ball pythons
  A ball python zombie (D:5)
  5 frilled lizards
  3 rats
161 creatures vanquished.

Notes
Turn   | Place    | Note
-------+----------+-------------------------------------------
     0 | D:1      | RoseArtemis the Minotaur Fighter began the quest for the Orb.
     0 | D:1      | Reached XP level 1. HP: 19/19 MP: 0/0
    40 | D:1      | Found a shattered altar of Ashenzari.
   201 | D:1      | Reached skill level 3 in Axes
   201 | D:1      | Reached XP level 2. HP: 27/27 MP: 1/1
   767 | D:1      | Reached XP level 3. HP: 33/33 MP: 2/2
   881 | D:2      | Noticed Jessica
   885 | D:2      | Killed Jessica
   939 | D:2      | Reached skill level 4 in Axes
  1114 | D:2      | Found a shattered altar of Ashenzari.
  1117 | D:2      | Found a glowing silver altar of Zin.
  1119 | D:2      | Found a sacrificial altar of Ru.
  1123 | D:2      | Reached XP level 4. HP: 36/41 MP: 3/3
  1473 | D:2      | Found a bloodstained altar of Trog.
  1481 | D:2      | Became a worshipper of Trog the Wrathful
  1500 | D:2      | Found a runed door.
  1731 | D:2      | Found a faded altar of an unknown god.
  2412 | D:3      | Found an iron altar of Okawaru.
  2911 | D:4      | Reached skill level 5 in Axes
  2911 | D:4      | Reached XP level 5. HP: 47/47 MP: 4/4
  2912 | D:4      | Reached * piety under Trog
  3015 | D:4      | Reached skill level 5 in Fighting
  3079 | D:4      | Noticed Tovarisch's ghost (amateur NaEn)
  3086 | D:4      | Killed Tovarisch's ghost
  3086 | D:4      | Reached skill level 6 in Axes
  3086 | D:4      | Reached skill level 5 in Armour
  3086 | D:4      | Reached XP level 6. HP: 56/56 MP: 5/5
  3234 | D:4      | Reached XP level 7. HP: 28/62 MP: 6/6
  3422 | D:4      | Found an opulent altar of Gozag.
  3831 | D:4      | Found an ancient bone altar of Kikubaaqudgha.
  4158 | D:5      | Entered Level 5 of the Dungeon
  4204 | D:5      | Reached skill level 7 in Axes
  4805 | D:5      | Found a staircase to the Ecumenical Temple.
  4817 | D:5      | Reached skill level 8 in Axes
  4830 | Temple   | Entered the Ecumenical Temple
  5177 | D:5      | Reached XP level 8. HP: 49/71 MP: 7/7
  5296 | D:5      | Found a white marble altar of Elyvilon.
  5318 | D:5      | Reached ** piety under Trog
  5576 | D:6      | Reached skill level 9 in Axes
  5992 | D:6      | Reached skill level 10 in Axes
  6205 | D:6      | Reached XP level 9. HP: 78/81 MP: 8/8
  6356 | D:6      | Found Afuzaf's General Store.
  6582 | D:7      | Found a hide-covered altar of Uskayaw.
  6715 | D:7      | Reached *** piety under Trog
  7223 | D:7      | Found a deep blue altar of Sif Muna.
  7322 | D:7      | Reached skill level 11 in Axes
  7683 | D:8      | Noticed Prince Ribbit
  7693 | D:8      | Killed Prince Ribbit
  7693 | D:8      | Reached skill level 1 in Bows
  7729 | D:8      | Noticed Gastronok
  7739 | D:8      | Noticed Joseph
  7763 | D:8      | Killed Gastronok
  7763 | D:8      | Reached skill level 12 in Axes
  7763 | D:8      | Reached XP level 10. HP: 40/91 MP: 9/9
  7775 | D:8      | Slain by Joseph

Vault maps used:
D:1:      dpeg_arrival_rooms_c, nicolae_ashenzari_panopticon
D:2:      bloody_trog, grunt_temple_overflow_open,
          chequers_ecumenical_altar_lobes, uniq_crazy_yiuf_cottage, uniq_jessica
D:3:      okawaru_trees_2
D:4:      nicolae_overflow_crystal_walls, first_ration,
          nicolae_gozag_cash_rules_everything_around_me
D:5:      minmay_temple_entry_steel_oval, elyvilon_altar_5
D:6:      serial_shops, shop
D:7:      kennysheep_mini_moat, led_sif_book
D:8:      serial_shops, nicolae_shop_trees, uniq_gastronok, uniq_prince_ribbit1,
          uniq_joseph, uniq_erica
Temple:   eino_temple_water

Skill      XL: |  1  2  3  4  5  6  7  8  9 |
---------------+----------------------------+-----
Axes           | 3 4 5 6 8 10 12 | 12.2
Fighting       | 4 5 6 7 9 |  9.5
Armour         | 4 5 6 7 9 |  9.5
Bows           | 3 |  3.1
Shields        | |  3.6

Action                   |  1- 3 |  4- 6 |  7- 9 | 10-12 || total
-------------------------+-------+-------+-------+-------++-------
Melee: War axe           |    58 |   107 |   288 |    10 ||   463
       Headbutt          |     9 |     9 |    54 |     3 ||    75
 Fire: Shortbow          |       |       |     4 |       ||     4
Invok: Berserk           |       |     1 |     2 |       ||     3
       Trog's Hand       |       |       |     1 |       ||     1
  Use: Scroll            |       |     3 |     3 |       ||     6
       Potion            |       |       |     1 |     1 ||     2
  Eat: Chunk             |     1 |     7 |     8 |       ||    16
       Ration            |       |       |     2 |       ||     2
Armor: Scale mail        |    27 |    58 |    84 |     2 ||   171
Dodge: Dodged            |    23 |    43 |    87 |     2 ||   155
Block: Shield            |    31 |    58 |   144 |     3 ||   236

Table legend:
 A = Spawn XP
 B = Non-spawn XP
 C = Spawn XP percentage of total XP
 D = Spawn monster count
 E = Non-spawn monster count
 F = Spawn count percentage of total count
 G = Total turns spent on level
                    A         B        C        D         E        F      G
               +---------+---------+-------+---------+---------+-------+---------
         Total |       0 |    6600 |   0.0 |       0 |     161 |   0.0 |  7775
               +---------+---------+-------+---------+---------+-------+---------
           D:1 |       0 |      42 |   0.0 |       0 |      22 |   0.0 |   866
           D:2 |       0 |      91 |   0.0 |       0 |      14 |   0.0 |  1307
           D:3 |       0 |      53 |   0.0 |       0 |      21 |   0.0 |   729
           D:4 |       0 |     573 |   0.0 |       0 |       9 |   0.0 |  1485
           D:5 |       0 |     774 |   0.0 |       0 |      24 |   0.0 |   840
           D:6 |       0 |    1384 |   0.0 |       0 |      38 |   0.0 |  1008
           D:7 |       0 |    1178 |   0.0 |       0 |      27 |   0.0 |  1202
           D:8 |       0 |    2505 |   0.0 |       0 |       6 |   0.0 |   117
               +---------+---------+-------+---------+---------+-------+---------
